 Dungeon Crawl Stone Soup version 0.20-a0-219-g21f8257 (webtiles) character file.

6510 Eucla the Carver (level 11, -4/93 HPs)
             Began as an Octopode Berserker on Nov 28, 2016.
             Was a High Priest of Trog.
             Slain by a yak (9 damage)
             ... on level 10 of the Dungeon.
             The game lasted 00:12:47 (6762 turns).

Eucla the Carver (Octopode Berserker)               Turns: 6762, Time: 00:12:48

Health: -4/93      AC: 25    Str: 21    XL:     11   Next: 0%
Magic:  3/3        EV:  2    Int: 10    God:    Trog [*****.]
Gold:   647        SH: 13    Dex: 14    Spells: 10/10 levels left

rFire  x . .     SeeInvis .     w - +2 falchion (antimagic)
rCold  + . .     Gourm    .     r - +1 large shield
rNeg   + + +     Faith    .     (helmet currently unavailable)
rPois  +         Spirit   .     z - amulet of regeneration
rElec  .         Reflect  .     n - +4 ring of strength
rCorr  .         Harm     .     I - ring of ice
MR     ++...     NoTele   +     (no ring)
Stlth  +.........               (no ring)
                                (no ring)
                                (no ring)
                                (no ring)
                                (no ring)

@: lethally poisoned (-4 -> -4), exhausted, tree-form, regenerating, slowed,
very slow
A: almost no armour, stealthy swim, (amphibious), 8 rings, (constrict 8),
(tentacle spike 0), (large bone plates 0), (camouflage 0), frail 2, (shaggy fur
0), teleportitis 1, wild magic 1, (gelatinous body 0)
a: Berserk, Trog's Hand, Brothers in Arms, Burn Spellbooks, Renounce Religion


You were on level 10 of the Dungeon.
You worshipped Trog.
Trog was extremely pleased with you.
You were very hungry.
You were a tree.
You visited 1 branch of the dungeon, and saw 10 of its levels.

You collected 647 gold pieces.

Inventory:

Hand Weapons
 a - a +7 antimagic great sword
 k - a +3 falchion of draining
 w - a +2 antimagic falchion (weapon)
Armour
 r - a +1 large shield (worn)
Jewellery
 n - a +4 ring of strength (left branch)
 z - an amulet of regeneration (around neck)
 F - an uncursed ring of fire
 I - a ring of ice (right branch)
Wands
 c - a wand of lightning (6/15)
 y - a wand of random effects (19/48)
 A - a wand of slowing (17/48)
 C - a wand of teleportation (4/9)
Scrolls
 g - 5 scrolls of teleportation {unknown}
 j - 3 scrolls of enchant weapon
 p - 2 scrolls of magic mapping
 t - 4 scrolls of remove curse
Potions
 d - 2 potions of resistance
 e - 2 potions of cancellation
 h - a potion of mutation {unknown}
 l - 2 potions of curing
 m - a potion of invisibility
 o - 4 potions of haste
 q - 2 potions of magic
 s - a potion of degeneration {unknown}
 u - a potion of ambrosia {unknown}
 v - a potion of lignification
 x - a potion of beneficial mutation {unknown}
 B - a potion of heal wounds {unknown}
 D - a potion of agility {unknown}
 E - 2 potions of might {unknown}
 H - 2 potions of brilliance {unknown}
Comestibles
 b - 2 bread rations
 i - 7 meat rations
 G - a beef jerky


   Skills:
 + Level 8.7 Fighting
 * Level 11.8 Long Blades
 + Level 8.8 Dodging


You had 10 spell levels left.
You didn't know any spells.

Dungeon Overview and Level Annotations

Branches:
Dungeon (10/15)            Temple (0/1) D:5             Orc (0/2) D:9
   Lair: D:8-11

Altars:
Okawaru
Uskayaw
Xom
Yredelemnul
Zin
The Shining One
Beogh

Shops:
D:8 %   D:9 [


Innate Abilities, Weirdness & Mutations

You cannot wear most types of armour.
You are very stealthy in the water. (Stealth+)
((You are amphibious.))
You can wear up to eight rings at the same time.
((You can use your tentacles to constrict eight enemies at once.))
((Your skin changes colour to match your surroundings (Stealth+).))
((Your rubbery body absorbs attacks. (AC +1, EV +1)))
((One of your tentacles bears a spike.))
((You are partially covered in large bone plates. (SH +4)))
You are very frail. (-20% HP)
((You are covered in fur. (AC +1)))
You are occasionally teleported next to monsters.
Your spells are a little harder to cast, but a little more powerful.


Message History

You hit the yak but do no damage.
Your tentacle spike misses the yak.
You feel very sick. The yak barely misses you. The yak gores you!
* * * LOW HITPOINT WARNING * * *
You block the yak's attack. x2
You are too injured to fight recklessly!
Unknown command.
You are too injured to fight recklessly!
You are too injured to fight recklessly!
Unknown command.
You are too injured to fight recklessly!
Unknown command.
Okay, then.
You feel sick. The yak gores you!
* * * LOW HITPOINT WARNING * * *
You block the yak's attack. x2
You turn into a tree.
Your roots penetrate the ground.
You feel very sick. You block the yak's attack. The yak gores you!
You die...

##...........
#..........< ..
#......... .#
#.......#+###.#
##.......#.....#
#...†..><.......
#....##......#.. .
#.... +......# ...
#######....†♣#.....
.........YYY....#
................#
.................#
.................#
#####............#
#......#.....#
#............+
#............#


You could see 3 yaks.

Vanquished Creatures
  Fannar (D:10)
  A troll (D:9)
  5 yaks (D:9)
  A hungry ghost (D:9)
  2 vampire mosquitoes
  A soldier ant (D:10)
  A hornet zombie (D:7)
  2 phantoms
  3 sky beasts
  2 ice beasts (D:9)
  5 orc warriors
  2 black bears
  3 ogres
  A centaur (D:7)
  The ghost of Yaldabaoth the Magician, an amateur HuWz (D:3)
  2 big kobolds (D:9)
  5 bullfrogs
  A wyvern skeleton (D:6)
  2 scorpions (D:9)
  3 killer bees (D:8)
  11 wights
  2 howler monkeys
  4 crimson imps
  A bullfrog zombie (D:8)
  A centaur zombie (D:5)
  3 quasits
  4 hounds
  6 orc priests
  A centaur skeleton (D:5)
  3 iguanas
  8 orc wizards
  7 worker ants
  A hound skeleton (D:9)
  A howler monkey zombie (D:6)
  2 worker ant zombies
  3 adders
  A shadow imp (D:6)
  An ooze (D:3)
  3 adder skeletons
  4 worms
  9 leopard geckos
  50 orcs
  3 ball pythons
  10 bats
  8 goblins
  5 hobgoblins
  3 jackals (D:4)
  19 kobolds
  4 quokkas
  2 ball python zombies (D:5)
  9 frilled lizards
  2 quokka skeletons
  2 rats
237 creatures vanquished.

Notes
Turn   | Place    | Note
-------+----------+-------------------------------------------
     0 | D:1      | Eucla the Octopode Berserker began the quest for the Orb.
     0 | D:1      | Reached XP level 1. HP: 16/16 MP: 1/1
   138 | D:1      | Reached XP level 2. HP: 21/21 MP: 2/2
   179 | D:1      | Found a glowing golden altar of the Shining One.
   546 | D:1      | Reached ** piety under Trog
   860 | D:2      | Reached XP level 3. HP: 26/26 MP: 3/3
  1604 | D:3      | Reached XP level 4. HP: 31/31 MP: 4/4
  1664 | D:3      | Noticed Yaldabaoth's ghost (amateur HuWz)
  1669 | D:3      | Killed Yaldabaoth's ghost
  1669 | D:3      | Reached skill level 4 in Long Blades
  1669 | D:3      | Reached XP level 5. HP: 37/37 MP: 5/5
  2195 | D:4      | Found a shimmering altar of Xom.
  2197 | D:4      | Found a snail-covered altar of Cheibriados.
  2197 | D:4      | Found an iron altar of Okawaru.
  2199 | D:4      | Found a basalt altar of Yredelemnul.
  2199 | D:4      | Found a hide-covered altar of Uskayaw.
  2199 | D:4      | Found a glowing silver altar of Zin.
  2251 | D:4      | Reached *** piety under Trog
  2285 | D:4      | Noticed an ogre
  2292 | D:4      | Killed an ogre
  2292 | D:4      | Reached skill level 5 in Long Blades
  2292 | D:4      | Reached XP level 6. HP: 11/43 MP: 2/6
  3057 | D:5      | Entered Level 5 of the Dungeon
  3122 | D:5      | Found a staircase to the Ecumenical Temple.
  3246 | D:5      | Reached XP level 7. HP: 49/49 MP: 2/7
  3254 | D:5      | Reached skill level 5 in Dodging
  3267 | D:5      | Reached skill level 6 in Long Blades
  3817 | D:6      | Reached skill level 5 in Fighting
  3844 | D:6      | Reached XP level 8. HP: 46/55 MP: 2/8
  3865 | D:6      | Reached skill level 7 in Long Blades
  3974 | D:6      | Reached **** piety under Trog
  4623 | D:7      | Reached skill level 8 in Long Blades
  4743 | D:7      | Reached XP level 9. HP: 62/62 MP: 3/9
  4965 | D:8      | Found Nagos's Food Shoppe.
  5075 | D:8      | Gained mutation: You are partially covered in large bone plates. (SH +4) [mutagenic meat]
  5076 | D:8      | Gained mutation: You are weak. (Str -2) [mutagenic meat]
  5077 | D:8      | Gained mutation: You are frail. (-10% HP) [mutagenic meat]
  5078 | D:8      | Gained mutation: You are covered in fur. (AC +1) [mutagenic meat]
  5211 | D:8      | Reached skill level 9 in Long Blades
  5295 | D:8      | Gained mutation: Your spells are a little harder to cast, but a little more powerful. [mutagenic meat]
  5296 | D:8      | Gained mutation: You are very frail. (-20% HP) [mutagenic meat]
  5297 | D:8      | Gained mutation: One of your tentacles bears a spike. [mutagenic meat]
  5298 | D:8      | Lost mutation: You are weak. (Str -2) [mutagenic meat]
  5299 | D:8      | Gained mutation: You are occasionally teleported next to monsters. [mutagenic meat]
  5379 | D:8      | Found a roughly hewn altar of Beogh.
  5498 | D:8      | Reached ***** piety under Trog
  5900 | D:9      | Reached skill level 10 in Long Blades
  5913 | D:9      | Reached XP level 10. HP: 56/56 MP: 10/10
  6366 | D:9      | Reached skill level 11 in Long Blades
  6407 | D:9      | Found a staircase to the Orcish Mines.
  6498 | D:9      | Got an ancient broad axe
  6499 | D:9      | Identified the cursed +0 broad axe of Gozag's Hatred {pain, rC- MR++ Int+4 Dex+4} (You found it on level 9 of the Dungeon)
  6625 | D:9      | Received a gift from Trog
  6672 | D:9      | Found Ufanero's Antique Armour Boutique.
  6734 | D:10     | Entered Level 10 of the Dungeon
  6734 | D:10     | Noticed Fannar
  6755 | D:10     | Killed Fannar
  6759 | D:10     | Reached XP level 11. HP: 41/62 MP: 3/11
  6762 | D:10     | Slain by a yak

Vault maps used:
D:1:      minmay_arrival_widening_spiral_wide, tso_metal_star
D:3:      first_bread
D:4:      doesnt_xom_only_xom
D:5:      black_bear_nest_2
D:8:      serial_shops, shop_statue, special_room, minmay_stone_trees_medium
D:9:      orc_0_dummy, serial_shops, shop
D:10:     hangedman_fish_farm, minmay_misc_feat_square, uniq_fannar,
          uniq_erolcha, uniq_gastronok

Skill      XL: |  1  2  3  4  5  6  7  8  9 10 |
---------------+-------------------------------+-----
Long Blades    | 4 5 6 8 10 11 | 11.8
Dodging        | 4 5 6 7 8 |  8.8
Fighting       | 4 5 6 7 8 |  8.7

Action                   |  1- 3 |  4- 6 |  7- 9 | 10-12 || total
-------------------------+-------+-------+-------+-------++-------
Melee: Falchion          |    59 |    76 |   277 |   121 ||   533
       Constrict         |    18 |    19 |    75 |    20 ||   132
       Tentacles         |    19 |    17 |    88 |    35 ||   159
       Kick              |       |       |    37 |    53 ||    90
Invok: Berserk           |       |     2 |     9 |     4 ||    15
       Trog's Hand       |       |       |       |     2 ||     2
Evoke: Wand              |       |       |     1 |       ||     1
  Use: Scroll            |       |    15 |     6 |     2 ||    23
       Potion            |       |       |       |     1 ||     1
 Stab: Sleeping          |    10 |     5 |     3 |     1 ||    19
       Distracted        |       |       |     1 |       ||     1
  Eat: Chunk             |     2 |     2 |     9 |     1 ||    14
       Pizza             |       |     2 |     2 |       ||     4
       Bread ration      |       |     1 |     2 |     2 ||     5
       Royal jelly       |       |       |     2 |       ||     2
       Fruit             |       |       |     2 |       ||     2
Armor: Skin              |     3 |     2 |    16 |     3 ||    24
Dodge: Dodged            |    33 |    29 |    80 |    37 ||   179
Block: Large shield      |       |    32 |   187 |    99 ||   318
       Rpst.: Falchion   |    13 |    12 |    22 |     9 ||    56
